 Dungeon Crawl Stone Soup version 0.26.1-11-gd32895ea62 (webtiles) character file.

Game seed: 11889329364716991542

1458 jlumianski the Grasshopper (level 8, -4/64 HPs)
             Began as a Gnoll Warper on June 3, 2021.
             Was a Believer of Qazlal.
             Slain by an orc warrior
             ... wielding a +0 hand axe of freezing
              (8 damage)
             ... on level 6 of the Dungeon.
             The game lasted 00:41:43 (10777 turns).

jlumianski the Grasshopper (Gnoll Warper)          Turns: 10777, Time: 00:41:44

Health: -4/64      AC:  3    Str: 13    XL:     8   Next: 76%
Magic:  17/17      EV: 15    Int: 19    God:    Qazlal [**....]
Gold:   320        SH:  2    Dex: 14    Spells: 14/19 levels left

rFire    + . .     SeeInvis .   a - +0 hand axe
rCold    . . .     Faith    .   (no shield)
rNeg     . . .     Spirit   .   b - +0 leather armour
rPois    .         Reflect  .   (no helmet)
rElec    .         Harm     .   (no cloak)
rCorr    .         Rampage  .   (no gloves)
Will     +....                  (no boots)
Stlth    ++........             (no amulet)
HPRegen  0.20/turn              v - ring of protection from fire
MPRegen  0.15/turn              C - ring of willpower

@: no status effects
A: distributed training, fangs 1, strong nose
a: Renounce Religion, Upheaval


You were on level 6 of the Dungeon.
You worshipped Qazlal.
Qazlal was pleased with you.
You visited 1 branch of the dungeon, and saw 6 of its levels.

You collected 320 gold pieces.

Inventory:

Hand Weapons
 a - a +0 hand axe (weapon)
 p - a +1 dagger of venom
 s - a +0 mace of holy wrath
 A - a +3 falchion of holy wrath
 B - a +2 whip of electrocution
Missiles
 e - 5 boomerangs of dispersal
 g - 278 stones
 x - 5 poisoned darts (quivered)
 z - 7 boomerangs
Armour
 b - a +0 leather armour (worn)
 H - the cursed +0 chain mail of the Cobbler {Dex+4 SInv, unknown}
   (You found it on level 6 of the Dungeon)

   It affects your dexterity (+4).
   It lets you see invisible.
   It has a curse placed upon it.
Jewellery
 v - a ring of protection from fire (left hand)
 w - an uncursed ring of ice
 C - a ring of willpower (right hand)
 D - a cursed -4 ring of protection
Wands
 E - a wand of polymorph (6)
 F - a wand of random effects (11)
Scrolls
 d - 2 scrolls of blinking
 h - a scroll of amnesia {unknown}
 j - 4 scrolls of teleportation
 k - a scroll of fog {unknown}
 m - 5 scrolls of remove curse {unknown}
 o - 3 scrolls of identify
 y - a scroll of enchant weapon {unknown}
 G - a scroll of noise {unknown}
Potions
 c - 2 potions of mutation {unknown}
 f - a potion of invisibility
 i - 4 potions of curing
 l - a potion of berserk rage {unknown}
 n - 2 potions of might {unknown}
 q - a potion of haste {unknown}
 r - 2 potions of ambrosia {unknown}
 t - a potion of magic {unknown}
 u - a potion of heal wounds {unknown}


   Skills:
 + Level 5.8 Fighting
 + Level 3.5 Short Blades
 + Level 3.5 Long Blades
 + Level 5.8 Axes
 + Level 3.5 Maces & Flails
 + Level 3.5 Polearms
 + Level 3.5 Staves
 + Level 3.5 Slings
 + Level 3.5 Bows
 + Level 3.5 Crossbows
 + Level 4.4 Throwing
 + Level 4.4 Armour
 + Level 5.8 Dodging
 + Level 3.5 Stealth
 + Level 3.5 Shields
 + Level 3.5 Unarmed Combat
 + Level 6.2 Spellcasting
 + Level 2.9 Conjurations
 + Level 2.9 Hexes
 + Level 2.9 Summonings
 + Level 2.9 Necromancy
 + Level 6.2 Translocations
 + Level 2.9 Transmutations
 + Level 2.9 Fire Magic
 + Level 2.9 Ice Magic
 + Level 2.9 Air Magic
 + Level 2.9 Earth Magic
 + Level 2.9 Poison Magic
 + Level 3.9 Invocations
 + Level 3.5 Evocations


You had 14 spell levels left.
You knew the following spells:

 Your Spells              Type           Power        Failure   Level
a - Blink                 Tloc           N/A          1%          2
b - Gell's Gravitas       Tloc           14%          3%          3

Your spell library contained the following spells:

 Spells                   Type           Power        Failure   Level
 Lesser Beckoning         Tloc           14%          3%          3
 Teleport Other           Tloc           29%          3%          3
 Passage of Golubria      Tloc           N/A          11%         4


Dungeon Overview and Level Annotations

Branches:
Dungeon (6/15)             Temple (0/1) D:5

Altars:
Fedhas
Qazlal
Uskayaw
Xom
Beogh

Annotations:
D:1 1 runed translucent door
D:5 3 runed translucent doors, Thatpatchoflichen's ghost, amateur MiMo
D:6 3 runed translucent doors, Tirrikindir's ghost, novice OpFi


Innate Abilities, Weirdness & Mutations

Your experience applies equally to all skills.
You have very sharp teeth.
Your uncanny sense of smell can sniff out nearby items.


Message History

The orc warrior hits you with a +0 hand axe of freezing!
The orc warrior freezes you!
There is a stone staircase leading up here.
Unknown command.
You closely miss the orc warrior.
The orc warrior is moderately wounded.
The orc warrior is engulfed in freezing vapours.
The orc warrior hits you with a +0 hand axe of freezing!
The orc warrior freezes you.
You hit the orc warrior but do no damage.
The orc warrior is severely wounded.
The orc warrior is engulfed in freezing vapours.
The orc warrior hits you with a +0 hand axe of freezing!
The orc warrior freezes you.
* * * LOW HITPOINT WARNING * * *
The orc warrior is engulfed in freezing vapours.
The orc warrior hits you with a +0 hand axe of freezing!
* * * LOW HITPOINT WARNING * * *
The orc warrior freezes you!
You die...

#.######################
#.#................# ##
#.#.#.........####.# #.
#.#.#....§....# ##<####.
##.#.#..(#.#######....##.
#....#(..#.#.....'..)....
#....#...#'#.#####......#
#....#.o..>....# #.......
#.......@......# #.......
#......#○......# #.......
#..............# #.....#.
#########..............# #####.#.
.......................#######.#)
###########............##......#.
#....##......##.######.
#.(..#####+####.#<.....
###.........# #.#....#.


You could see an orc warrior.

Vanquished Creatures
  Prince Ribbit (D:5)
  Duvessa (D:6)
  3 ogres
  2 bullfrogs (D:6)
  Dowan (D:6)
  2 quasits (D:5)
  A centaur skeleton (D:5)
  An orc priest (D:5)
  A bullfrog skeleton (D:5)
  6 orc wizards
  3 iguanas
  4 worker ants
  A hound zombie (D:5)
  6 adders
  A shadow imp (D:5)
  A white imp (D:5)
  2 adder skeletons
  An adder zombie (D:6)
  4 worms
  5 leopard geckos
  21 orcs
  6 giant cockroaches
  13 goblins
  7 hobgoblins
  4 jackals
  3 quokkas
  A ball python (D:2)
  10 bats
  4 frilled lizards
  A giant cockroach zombie (D:6)
  7 kobolds
  A leopard gecko zombie (D:5)
  3 rats
128 creatures vanquished.

Notes
Turn   | Place    | Note
-------+----------+-------------------------------------------
     0 | D:1      | jlumianski the Gnoll Warper began the quest for the Orb.
     0 | D:1      | Reached XP level 1. HP: 20/20 MP: 6/6
     1 | D:1      | Found a runed translucent door.
   358 | D:1      | Reached XP level 2. HP: 26/26 MP: 7/7
   361 | D:1      | Learned a level 2 spell: Blink
  1550 | D:2      | Reached XP level 3. HP: 24/31 MP: 9/9
  1907 | D:2      | Reached skill level 5 in Spellcasting
  1953 | D:2      | Found a stormy altar of Qazlal.
  1956 | D:2      | Noticed an air elemental
  1956 | D:2      | Noticed a water elemental
  1957 | D:2      | Noticed an earth elemental
  1957 | D:2      | Noticed a fire elemental
  1962 | D:2      | Became a worshipper of Qazlal Stormbringer
  2140 | D:2      | Learned a level 3 spell: Gell's Gravitas
  2153 | D:2      | Reached skill level 1 in Invocations
  2557 | D:2      | Reached skill level 1 in Short Blades
  2557 | D:2      | Reached skill level 1 in Long Blades
  2557 | D:2      | Reached skill level 1 in Maces & Flails
  2557 | D:2      | Reached skill level 1 in Polearms
  2557 | D:2      | Reached skill level 1 in Staves
  2557 | D:2      | Reached skill level 1 in Slings
  2557 | D:2      | Reached skill level 1 in Bows
  2557 | D:2      | Reached skill level 1 in Crossbows
  2557 | D:2      | Reached skill level 1 in Stealth
  2557 | D:2      | Reached skill level 1 in Shields
  2557 | D:2      | Reached skill level 1 in Unarmed Combat
  2557 | D:2      | Reached skill level 1 in Evocations
  2557 | D:2      | Reached XP level 4. HP: 19/38 MP: 11/11
  3091 | D:2      | Found a hide-covered altar of Uskayaw.
  3325 | D:3      | Reached * piety under Qazlal
  3339 | D:3      | Reached skill level 1 in Conjurations
  3339 | D:3      | Reached skill level 1 in Hexes
  3339 | D:3      | Reached skill level 1 in Summonings
  3339 | D:3      | Reached skill level 1 in Necromancy
  3339 | D:3      | Reached skill level 1 in Transmutations
  3339 | D:3      | Reached skill level 1 in Fire Magic
  3339 | D:3      | Reached skill level 1 in Ice Magic
  3339 | D:3      | Reached skill level 1 in Air Magic
  3339 | D:3      | Reached skill level 1 in Earth Magic
  3339 | D:3      | Reached skill level 1 in Poison Magic
  3667 | D:3      | Reached XP level 5. HP: 34/43 MP: 8/12
  4668 | D:4      | Found a blossoming altar of Fedhas.
  5808 | D:4      | Reached XP level 6. HP: 43/50 MP: 7/13
  6253 | D:5      | Entered Level 5 of the Dungeon
  6298 | D:5      | Noticed Thatpatchoflichen's ghost (amateur MiMo)
  6299 | D:5      | Noticed a yak
  6304 | D:5      | Reached skill level 5 in Fighting
  6304 | D:5      | Reached skill level 5 in Axes
  6304 | D:5      | Reached skill level 5 in Dodging
  6541 | D:5      | Found a runed translucent gate.
  6542 | D:5      | Found a runed translucent gate.
  6542 | D:5      | Found a runed translucent gate.
  6866 | D:5      | Reached XP level 7. HP: 54/56 MP: 4/15
  7424 | D:5      | Noticed Prince Ribbit
  7445 | D:5      | Found a staircase to the Ecumenical Temple.
  7483 | D:5      | Killed Prince Ribbit
  7484 | D:5      | Reached XP level 8. HP: 31/63 MP: 14/16
  7880 | D:5      | Found a shimmering altar of Xom.
  8025 | D:4      | Reached ** piety under Qazlal
  8701 | D:6      | Noticed Duvessa
  8724 | D:6      | Killed Duvessa
  8728 | D:6      | Noticed Dowan
  8752 | D:6      | Killed Dowan
  9061 | D:6      | Found a runed translucent gate.
  9061 | D:6      | Found a runed translucent gate.
  9061 | D:6      | Found a runed translucent gate.
  9075 | D:6      | Identified the +8 plate armour of Qiewk {Rampage}
  9076 | D:6      | Noticed Tirrikindir's ghost (novice OpFi)
  9160 | D:6      | Found a roughly hewn altar of Beogh.
  9847 | D:6      | Got a tiger eye-encrusted chain mail
 10777 | D:6      | Slain by an orc warrior

Illustrated notes

Levels and vault maps discovered:
D:1:      dpeg_arrival_caged_fury, layout_loops_ring, st_stairs_8
D:2:      layout_loops_ring, lemuel_doored_altar,
          nicolae_qazlal_style_of_elements
D:3:      layout_basic, minmay_randomly_rotated_circles
D:4:      layout_layer_cave, fedhas_altar_1
D:5:      layout_rooms, minmay_temple_entry_statues, gammafunk_ghost_split,
          tgw_xom, uniq_prince_ribbit1
D:6:      minmay_angry_zag, layout_basic, biasface_ghost_orc_armoury,
          uniq_duvessa

Skill      XL: |  1  2  3  4  5  6  7  8 |
---------------+-------------------------+-----
Spellcasting   | 5 6 |  6.2
Invocations    | 1 2 3 |  3.9
Short Blades   | 1 2 3 |  3.5
Long Blades    | 1 2 3 |  3.5
Maces & Flails | 1 2 3 |  3.5
Polearms       | 1 2 3 |  3.5
Staves         | 1 2 3 |  3.5
Slings         | 1 2 3 |  3.5
Bows           | 1 2 3 |  3.5
Crossbows      | 1 2 3 |  3.5
Stealth        | 1 2 3 |  3.5
Shields        | 1 2 3 |  3.5
Unarmed Combat | 1 2 3 |  3.5
Evocations     | 1 2 3 |  3.5
Conjurations   | 1 2 |  2.9
Hexes          | 1 2 |  2.9
Summonings     | 1 2 |  2.9
Necromancy     | 1 2 |  2.9
Transmutations | 1 2 |  2.9
Fire Magic     | 1 2 |  2.9
Ice Magic      | 1 2 |  2.9
Air Magic      | 1 2 |  2.9
Earth Magic    | 1 2 |  2.9
Poison Magic   | 1 2 |  2.9
Throwing       | 3 4 |  4.4
Armour         | 3 4 |  4.4
Fighting       | 5 |  5.8
Axes           | 5 |  5.8
Dodging        | 5 |  5.8
Translocations | 6 |  6.2

Action                   |  1- 3 |  4- 6 |  7- 9 || total
-------------------------+-------+-------+-------++-------
Melee: Hand axe          |   155 |   183 |   190 ||   528
       Bite              |    20 |    17 |    29 ||    66
       Punch             |     2 |     2 |     3 ||     7
Throw: Stone             |    76 |    11 |       ||    87
       Dart              |       |    11 |     9 ||    20
       Boomerang         |       |    13 |    37 ||    50
 Cast: Gell's Gravitas   |     2 |    19 |    14 ||    35
       Blink             |       |     5 |     8 ||    13
  Use: Potion            |       |     4 |       ||     4
       Scroll            |       |     4 |     3 ||     7
Armor: Leather armour    |    27 |    45 |    11 ||    83
       Skin              |       |     6 |       ||     6
Dodge: Dodged            |    95 |   155 |   119 ||   369
Block: Other             |       |     7 |    12 ||    19
